cohdb
Replays
Latest Replays
All Replays
Popular Replays
Top Player Replays
Match Explorer
How It Works
Community
CoH3 Stats
Reddit
Sign in to upload your games and track your stats! →
Sign in with Steam
Match 47831086
Unlisted
Match 47831086
Overview
Messages
Build Orders
End
Vickers Machine Gun Team
Construct Section Command Post
Selects Heavy Armor Battlegroup
Selects Heavy Armor Battlegroup
Infantry Section
ML 3-inch Mortar Team
Infantry Section
Grenade Package
Selects Light Vehicle Withdraw and Refit
Construct Platoon Command Post
Unlock Bishop Self-propelled Artillery
CMP 15cwt Truck
6-pounder Anti-tank Gun Team
Selects UNKNOWN (202330)
Bishop Self-propelled Artillery
Bishop Self-propelled Artillery
6-pounder Anti-tank Gun Team
Construct Company Command Post
无心
Wannabegirl
Siege
louis.boulain
(GSR)pierre yves
elenor
Ischorra
dearboy
0
0
Comments
sign in to comment!
No comments posted yet!